 Dungeon Crawl Stone Soup version 0.21-a0-552-g593960d (webtiles) character file.

105913 tidbits the Thaumaturge (level 16, 0/124 HPs)
             Began as a Gnoll Earth Elementalist on Dec 17, 2017.
             Was a High Priest of Cheibriados.
             Killed from afar by a deep elf annihilator (12 damage)
             ... with a poison arrow
             ... on level 3 of the Elven Halls.
             The game lasted 03:25:44 (7407 turns).

tidbits the Thaumaturge (Gnoll Earth Elementalist)  Turns: 7407, Time: 03:25:45

Health: 0/124      AC: 20    Str: 23    XL:     16   Next: 42%
Magic:  5/28       EV: 26    Int: 36    God:    Cheibriados [*****.]
Gold:   763        SH: 15    Dex: 34    Spells: 4/38 levels left

rFire    + . .     SeeInvis .   a - +5 eveningstar (drain)
rCold    + . .     Gourm    .   D - +1 shield {reflect}
rNeg     . . .     Faith    .   V - +3 leather armour "Pyohog" {rCorr}
rPois    .         Spirit   .   E - +2 hat
rElec    .         Reflect  +   C - +2 cloak {rC+}
rCorr    +         Harm     .   G - +0 pair of gloves {Dex+3}
MR       +++..                  F - +0 pair of boots {Stlth+}
Stlth    +++++++...             R - amulet of regeneration
HPRegen  0.70/turn              B - ring of protection from fire
MPRegen  0.21/turn              U - +5 ring of protection

@: lethally poisoned (0 -> -6), very slow
A: distributed training, fangs 1, horns 1, low mp 1, magic resistance 2, strong
nose
a: Bend Time, Temporal Distortion, Slouch, Step From Time, Renounce Religion


You were on level 3 of the Elven Halls.
You worshipped Cheibriados.
Cheibriados was extremely pleased with you.
You were not hungry.

You visited 5 branches of the dungeon, and saw 18 of its levels.
You visited the Abyss 1 time.
You also visited: Ice Cave.

You collected 2150 gold pieces.
You spent 1387 gold pieces at shops.

Inventory:

Hand Weapons
 a - a +5 eveningstar of draining (weapon)
   (You took it off Louise on level 3 of the Elven Halls)
 g - a +0 blowgun
 h - a +4 war axe of flaming
   (You took it off a deep elf mage on level 3 of the Elven Halls)
 o - a +4 rapier of electrocution
   (You took it off Nikola on level 3 of the Elven Halls)
 s - a +0 vampiric demon trident
   (You found it in an ice cave)
 A - a +0 dagger of electrocution
   (You took it off an orc on level 5 of the Dungeon)
 Z - a +0 great sword of distortion
   (You took it off a tengu conjurer on level 10 of the Dungeon)
Missiles
 p - a javelin of returning
 q - 27 stones
 x - 226 arrows
 y - 3 tomahawks of returning (quivered)
 T - 3 poisoned tomahawks
Armour
 C - a +2 cloak of cold resistance (worn)
   (You found it in an ice cave)
 D - a +1 shield of reflection (worn)
   (You bought it in a shop on level 2 of the Orcish Mines)
 E - a +2 hat (worn)
 F - a +0 pair of boots of stealth (worn)
   (You bought it in a shop on level 2 of the Orcish Mines)
 G - a +0 pair of gloves of dexterity (worn)
   (You found it in an ice cave)
 V - the +3 leather armour "Pyohog" (worn) {rCorr}
   (You found it on level 10 of the Dungeon)

   It protects you from acid and corrosion.
Magical Staves
 z - an uncursed staff of conjuration {!a}
   (You found it on level 7 of the Dungeon)
 H - an uncursed staff of wizardry {!a}
   (You found it in an ice cave)
Jewellery
 b - a +4 ring of strength
   (You took it off a deep elf mage on level 3 of the Elven Halls)
 B - a ring of protection from fire (left hand)
   (You took it off a deep elf mage on level 3 of the Elven Halls)
 K - an uncursed ring of flight
   (You found it on level 2 of the Abyss)
 P - an uncursed ring of poison resistance
   (You found it on level 2 of the Abyss)
 R - an amulet of regeneration (around neck)
   (You found it on level 4 of the Dungeon)
 U - a +5 ring of protection (right hand)
   (You took it off a deep elf mage on level 3 of the Elven Halls)
 Y - an uncursed ring of protection from cold
   (You found it on level 1 of the Elven Halls)
Wands
 u - a wand of iceblast (1)
 I - a wand of flame (23)
Scrolls
 e - a scroll of fear
 l - a scroll of torment {unknown}
 r - 6 scrolls of remove curse
 w - a scroll of amnesia
 L - 2 scrolls of immolation
 M - a scroll of random uselessness {unknown}
 X - a scroll of enchant armour {unknown}
Potions
 f - a potion of haste
 i - a potion of cancellation
 k - 5 potions of curing
 m - a potion of lignification
 n - 2 potions of mutation {!q}
 t - a potion of brilliance
 J - 2 potions of flight
Books
 c - a book of Geomancy

   Spells                             Type                      Level
   a - Sandblast                      Earth                        1
   b - Passwall                       Transmutation/Earth          2
   c - Stone Arrow                    Conjuration/Earth            3
   d - Petrify                        Transmutation/Earth          4
   e - Lee's Rapid Deconstruction     Earth                        5
 v - a book of Minor Magic
   (You found it on level 5 of the Dungeon)

   Spells                             Type                      Level
   a - Magic Dart                     Conjuration                  1
   b - Blink                          Translocation                2
   c - Call Imp                       Summoning                    2
   d - Slow                           Hexes                        2
   e - Conjure Flame                  Conjuration/Fire             3
   f - Mephitic Cloud                 Conjuration/Poison/Air       3
 O - a book of Unlife
   (You acquired it on level 2 of the Elven Halls)

   Spells                             Type                      Level
   a - Recall                         Summoning/Translocation      3
   b - Animate Dead                   Necromancy                   4
   c - Control Undead                 Necromancy                   4
   d - Cigotuvi's Embrace             Necromancy                   5
   e - Death Channel                  Necromancy                   6
   f - Simulacrum                     Ice/Necromancy               6
 Q - a book of the Sky
   (You found it on level 1 of the Elven Halls)

   Spells                             Type                      Level
   a - Summon Lightning Spire         Summoning/Air                4
   b - Silence                        Hexes/Air                    5
   c - Deflect Missiles               Charms/Air                   6
   d - Conjure Ball Lightning         Conjuration/Air              6
   e - Tornado                        Air                          9
 S - a book of Conjurations
   (You found it on level 10 of the Dungeon)

   Spells                             Type                      Level
   a - Magic Dart                     Conjuration                  1
   b - Searing Ray                    Conjuration                  2
   c - Dazzling Spray                 Conjuration/Hexes            3
   d - Fulminant Prism                Conjuration/Hexes            4
   e - Force Lance                    Conjuration/Translocation    4
   f - Iskenderun's Mystic Blast      Conjuration                  4
 W - a book of the Dragon
   (You acquired it on level 3 of the Elven Halls)

   Spells                             Type                      Level
   a - Flame Tongue                   Conjuration/Fire             1
   b - Cause Fear                     Hexes                        4
   c - Bolt of Fire                   Conjuration/Fire             6
   d - Dragon Form                    Transmutation                7
   e - Dragon's Call                  Summoning                    9
Miscellaneous
 j - a lamp of fire
Comestibles
 d - 3 bread rations
 N - 7 meat rations


   Skills:
 + Level 10.6 Fighting
 + Level 10.6 Short Blades
 + Level 10.6 Long Blades
 + Level 10.6 Axes
 + Level 10.6 Maces & Flails
 + Level 10.6 Polearms
 + Level 10.6 Staves
 + Level 10.6 Slings
 + Level 10.6 Bows
 + Level 10.6 Crossbows
 + Level 10.6 Throwing
 + Level 10.6 Armour
 + Level 11.5 Dodging
 + Level 11.3 Stealth
 + Level 10.6 Shields
 + Level 10.6 Unarmed Combat
 + Level 11.6 Spellcasting
 + Level 9.0 Conjurations
 + Level 9.0 Hexes
 + Level 9.0 Charms
 + Level 9.0 Summonings
 + Level 9.0 Necromancy
 + Level 9.0 Translocations
 + Level 9.3 Transmutations
 + Level 9.0 Fire Magic
 + Level 9.0 Ice Magic
 + Level 9.0 Air Magic
 + Level 10.5 Earth Magic
 + Level 9.0 Poison Magic
 + Level 11.5 Invocations
 + Level 10.6 Evocations


You had 4 spell levels left.
You knew the following spells:

 Your Spells              Type           Power        Failure   Level  Hunger
a - Sandblast             Erth           ######       1%          1    None
b - Blink                 Tloc           N/A          1%          2    None
c - Conjure Flame         Conj/Fire      ######..     1%          3    None
f - Fulminant Prism       Conj/Hex       ######....   1%          4    None
p - Petrify               Tmut/Erth      #######.     1%          4    None
u - Control Undead        Necr           ######....   1%          4    None
w - Passwall              Tmut/Erth      #######...   1%          2    None
D - Lee's Rapid Deconstr  Erth           #######...   1%          5    None
L - Summon Lightning Spi  Summ/Air       ######..     1%          4    None
S - Silence               Hex/Air        ######....   2%          5    None


Dungeon Overview and Level Annotations

Branches:
Dungeon (10/15)            Temple (1/1) D:6            Lair (2/6) D:8
    Orc (2/2) D:10            Elf (3/3) Orc:2
  Swamp: Lair:2-4    Shoals: Lair:2-4     Snake: Lair:2-4    Spider: Lair:2-4

Altars:
Ashenzari
Cheibriados
Dithmenos
Elyvilon
Makhleb
Nemelex Xobeh
Qazlal
Sif Muna
Uskayaw
Wu Jian
Yredelemnul
The Shining One
Beogh

Shops:
D:5 [   D:7 *   D:10 }   Orc:2 }[[(   Elf:1 =!**


Innate Abilities, Weirdness & Mutations

Your experience applies equally to all skills.
You have very sharp teeth.
Your uncanny sense of smell can sniff out nearby items.
You have a pair of small horns on your head.
Your magical capacity is low. (-10% MP)
You are highly resistant to hostile enchantments. (MR++)


Message History

You kill the deep elf master archer!
Cheibriados thoroughly appreciates the change of pace.
Your Conjurations skill increases to level 9!
Your Hexes skill increases to level 9!
Your Charms skill increases to level 9!
Your Summonings skill increases to level 9!
Your Necromancy skill increases to level 9!
Your Translocations skill increases to level 9!
Your Fire Magic skill increases to level 9!
Your Ice Magic skill increases to level 9!
Your Air Magic skill increases to level 9!
Your Poison Magic skill increases to level 9!
The blast of rock fragments hits the deep elf elementalist.
The deep elf elementalist is almost dead.
You hear a shout!
The deep elf elementalist gestures at you while chanting.
Some walls begin to move on their own!
You hear a shout! x2
Unknown command.
Casting: Lee's Rapid Deconstruction
Confirm with . or Enter, or press ? or * to list all spells.
Aiming: Lee's Rapid Deconstruction
Press: ? - help, Dir - move target cursor The wall shatters!
The blast of rock fragments hits the deep elf demonologist.
You kill the deep elf demonologist!
Cheibriados appreciates the change of pace.
The blast of rock fragments hits the deep elf elementalist.
You kill the deep elf elementalist!
Cheibriados thoroughly appreciates the change of pace.
The earth elemental disappears in a puff of smoke!
A scimitar of venom comes into view.
Unknown command.
Unknown command.
Memorise Animate Dead, consuming 4 spell levels and leaving 0?
HP restored.
You start memorising the spell.
You continue memorising. x2
You block the scimitar of venom's attack.
Your memorisation is interrupted.
Unknown command.
The scimitar of venom hits you but does no damage.
You are poisoned.
The scimitar of venom barely misses you.
Casting: Lee's Rapid Deconstruction
Confirm with . or Enter, or press ? or * to list all spells.
Okay, then.
Casting: Lee's Rapid Deconstruction
Confirm with . or Enter, or press ? or * to list all spells.
Okay, then.
Casting: Lee's Rapid Deconstruction
Confirm with . or Enter, or press ? or * to list all spells.
Aiming: Summon Lightning Spire
Press: ? - help, Dir - move target cursor An electric hum fills the air.
You feel sick.
You block the scimitar of venom's attack.
You puncture the deep elf annihilator! You headbutt the deep elf annihilator!
You kill the deep elf annihilator!
Cheibriados appreciates the change of pace.
The scimitar of venom hits you!!
You feel sick. The scimitar of venom hits you!!
You are more poisoned.
The scimitar of venom barely misses you.
You miss the scimitar of venom.
Your headbutt misses the scimitar of venom.
The scimitar of venom is moderately damaged.
You feel sick.
The scimitar of venom hits you but does no damage.
Wield which item (- for none, * to show all)? (? for menu, Esc to quit)
Your +4 rapier of electrocution stops crackling.
You sense an unholy aura.
a - a +5 eveningstar of draining (weapon)
Press: ? - help, v - describe, . - travel, g - get item
Here: a scimitar of venom (moderately damaged)
A rapier.
There is something else lying underneath.
The floor.
You sock the scimitar of venom!
You bite the scimitar of venom, but do no damage.
The scimitar of venom is almost destroyed.
You feel sick.
You block the scimitar of venom's attack.
The scimitar of venom hits you.
You are more poisoned.
A deep elf annihilator comes into view. It is wielding a battleaxe of flaming.
You puncture the scimitar of venom!
The scimitar of venom falls from the air.
Cheibriados thoroughly appreciates the change of pace.
You feel sick.
Your lightning spire shoots out a bolt of lightning at the deep elf annihilator!
The bolt of electricity hits the deep elf annihilator.
The deep elf annihilator casts a spell at you.
The iron shot hits you!
Ouch! That really hurt!
* * * LOW HITPOINT WARNING * * *
You feel better.
Your lightning spire shoots out a bolt of lightning at the deep elf annihilator!
The bolt of electricity hits the deep elf annihilator.
The deep elf annihilator gestures at you while chanting.
The poison arrow hits you!
You are poisoned.
You die...

#####≈≈≈≈≈≈≈≈≈≈≈≈≈≈≈≈≈≈≈≈≈≈≈≈≈≈≈≈
#...##≈≈≈≈≈≈≈≈≈≈≈≈≈≈≈≈≈≈≈≈≈≈≈≈≈≈≈
.....###.########################
......#.).........^..............
..8...)....................[.....
......#'#########)###########'###
.....##....#...).))).........[[..
#...##.....'.......8)........)#..
##+##....).#....@))().)#......#..
#..#...##########..())..#########
#..'...# #..#e#..# #..#...#
#..#)#..# #..#...# ##.#(#.##
#..#...# #.#)### #..#...# ###)#
#..#'### #e. #..#...# ..(


You could see a deep elf annihilator and a friendly lightning spire.

Vanquished Creatures
  Saint Roka (Elf:3)
  Nikola (Elf:3)
  A lich (Abyss:2)
  Asterion (Elf:1)
  A deep elf blademaster (Elf:3)
  2 deep elf master archers (Elf:3)
  A tentacled starspawn (Abyss:2)
  Gastronok (Lair:1)
  Donald (Elf:1)
  Agnes (Elf:1)
  3 deep elf sorcerers
  An orc warlord (Orc:1)
  Louise (Elf:3)
  4 deep elf elementalists (Elf:3)
  6 deep elf annihilators (Elf:3)
  4 deep elf demonologists (Elf:3)
  2 deep elf high priests (Elf:3)
  Erica (D:10)
  The ghost of happinesssam the Transmogrifier, a journeyman DgTm (Lair:1)
  4 ogre magi
  20 two-headed ogres
  9 dancing weapons
  A thrashing horror (Abyss:2)
  An orc high priest (Orc:2)
  A shock serpent (shapeshifter) (Abyss:2)
  Sonja (Orc:2)
  3 deep elf knights (Elf:3)
  A wretched star (Abyss:2)
  A sixfirhy (Abyss:2)
  A wizard (Elf:2)
  An unseen horror (D:10)
  An orc knight (Orc:1)
  3 deep elf archers (Elf:2)
  2 ugly things (D:10)
  An orc sorcerer (Orc:2)
  25 deep elf magi
  A cyclops (Orc:2)
  A manticore (D:10)
  A smoke demon (Abyss:2)
  An apocalypse crab (Abyss:2)
  2 ice statues (IceCv)
  A kobold demonologist (D:10)
  10 ice devils (IceCv)
  A tengu conjurer (D:10)
  3 trolls
  4 raiju (Abyss:2)
  The ghost of tidbits the Insei, an amateur GnTm (D:5)
  Grinder (D:5)
  A hippogriff (Lair:1)
  A yak (D:10)
  A water elemental (Elf:2)
  6 fire bats (Abyss:2)
  2 ynoxinuls (Abyss:2)
  3 air elementals
  A wyvern (D:10)
  A fire elemental (Elf:3)
  A hungry ghost (D:10)
  A neqoxec (Abyss:2)
  Menkaure (D:5)
  A warg (Orc:1)
  3 large abominations
  An acid dragon (D:10)
  A water moccasin (Lair:2)
  Duvessa (D:6)
  A swamp drake (D:10)
  22 orc warriors
  4 ice beasts
  2 sky beasts
  2 black bears
  A hornet zombie (D:8)
  2 necrophages
  3 phantoms
  6 centaurs
  28 ogres
  2 crocodiles (Lair:1)
  5 bullfrogs
  2 small abominations
  A gnoll sergeant (D:6)
  2 water moccasin zombies
  4 earth elementals
  A wyvern skeleton (D:10)
  2 scorpions (D:7)
  Dowan (D:6)
  7 killer bees
  2 howler monkeys
  4 wights (D:9)
  A centaur zombie (D:8)
  2 crimson imps
  A quasit (D:10)
  2 starcursed masses
  3 hounds
  5 jellies
  A gnoll shaman (D:4)
  19 orc priests
  25 orc wizards
  A bullfrog skeleton (D:6)
  A centaur skeleton (D:5)
  An iguana (D:10)
  11 worker ants
  A hound skeleton (D:7)
  2 worker ant zombies
  6 gnolls
  5 adders
  3 shadow imps
  16 white imps
  11 ufetubi
  5 oozes (D:8)
  2 adder skeletons
  An adder zombie (D:5)
  4 worms
  5 leopard geckos
  78 orcs
  A bat (D:3)
  4 giant cockroaches
  2 goblins
  A hobgoblin (D:1)
  16 jackals
  3 kobolds (D:3)
  2 quokkas
  2 frilled lizards
  A giant cockroach zombie (D:5)
  A leopard gecko skeleton (D:5)
  A quokka zombie (D:5)
  A butterfly (D:7)
  A fulminant prism (Elf:3)
515 creatures vanquished.

Vanquished Creatures (collateral kills)
  A deep elf blademaster (Elf:3)
  A reaper (Abyss:2)
  An ogre mage (Orc:2)
  A deep elf high priest (Elf:3)
  5 large abominations
  2 deep elf knights (Elf:3)
  A deep elf archer (Elf:3)
  3 deep elf magi
  A harpy zombie (Abyss:2)
  A fire bat (Abyss:2)
  A neqoxec (Abyss:2)
  2 ogres (Orc:2)
  7 small abominations
  2 starcursed masses (Abyss:2)
  A quasit (Abyss:2)
  2 orcs (Elf:3)
  2 plants (Elf:2)
34 creatures vanquished.

Vanquished Creatures (others)
  A reaper (IceCv)
  A deep elf archer (Elf:3)
  A deep elf mage (Elf:3)
  An orc wizard (Orc:1)
  2 white imps (IceCv)
  2 ufetubi (IceCv)
  An orc (Orc:1)
  48 fulminant prisms
  4 plants (Elf:2)
  2 starspawn tentacles (Abyss:2)
63 creatures vanquished.

Grand Total: 612 creatures vanquished

Notes
Turn   | Place    | Note
-------+----------+-------------------------------------------
     0 | D:1      | tidbits the Gnoll Earth Elementalist began the quest for the Orb.
     0 | D:1      | Reached XP level 1. HP: 13/13 MP: 6/6
    16 | D:1      | Reached skill level 2 in Transmutations
    67 | D:1      | Reached XP level 2. HP: 19/19 MP: 5/7
   194 | D:3      | Learned a level 2 spell: Passwall
   212 | D:3      | Reached XP level 3. HP: 25/25 MP: 3/9
   214 | D:3      | Reached skill level 5 in Spellcasting
   258 | D:3      | Found a sparkling altar of Nemelex Xobeh.
   289 | D:3      | Reached skill level 1 in Invocations
   299 | D:2      | Reached skill level 1 in Fighting
   299 | D:2      | Reached skill level 1 in Short Blades
   299 | D:2      | Reached skill level 1 in Long Blades
   299 | D:2      | Reached skill level 1 in Axes
   299 | D:2      | Reached skill level 1 in Maces & Flails
   299 | D:2      | Reached skill level 1 in Polearms
   299 | D:2      | Reached skill level 1 in Staves
   299 | D:2      | Reached skill level 1 in Slings
   299 | D:2      | Reached skill level 1 in Bows
   299 | D:2      | Reached skill level 1 in Crossbows
   299 | D:2      | Reached skill level 1 in Throwing
   299 | D:2      | Reached skill level 1 in Armour
   299 | D:2      | Reached skill level 1 in Shields
   299 | D:2      | Reached skill level 1 in Unarmed Combat
   299 | D:2      | Reached skill level 1 in Evocations
   350 | D:3      | Reached XP level 4. HP: 27/32 MP: 11/11
   471 | D:4      | Reached skill level 1 in Conjurations
   471 | D:4      | Reached skill level 1 in Hexes
   471 | D:4      | Reached skill level 1 in Charms
   471 | D:4      | Reached skill level 1 in Summonings
   471 | D:4      | Reached skill level 1 in Necromancy
   471 | D:4      | Reached skill level 1 in Translocations
   471 | D:4      | Reached skill level 1 in Fire Magic
   471 | D:4      | Reached skill level 1 in Ice Magic
   471 | D:4      | Reached skill level 1 in Air Magic
   471 | D:4      | Reached skill level 1 in Poison Magic
   473 | D:4      | Reached XP level 5. HP: 35/37 MP: 2/12
   485 | D:4      | Got a shimmering robe
   509 | D:4      | Identified the cursed +1 robe of Liucw {rCorr} (You found it on level 4 of the Dungeon)
   517 | D:5      | Entered Level 5 of the Dungeon
   529 | D:5      | Noticed an ogre
   533 | D:5      | Killed an ogre
   533 | D:5      | Reached XP level 6. HP: 44/44 MP: 5/13
   534 | D:5      | Noticed Menkaure
   535 | D:5      | Noticed a sky beast
   603 | D:4      | Reached skill level 2 in Invocations
   612 | D:4      | Found a shattered altar of Ashenzari.
   674 | D:5      | Reached skill level 5 in Dodging
   677 | D:5      | Reached skill level 2 in Fighting
   677 | D:5      | Reached skill level 2 in Short Blades
   677 | D:5      | Reached skill level 2 in Long Blades
   677 | D:5      | Reached skill level 2 in Axes
   677 | D:5      | Reached skill level 2 in Maces & Flails
   677 | D:5      | Reached skill level 2 in Polearms
   677 | D:5      | Reached skill level 2 in Staves
   677 | D:5      | Reached skill level 2 in Slings
   677 | D:5      | Reached skill level 2 in Bows
   677 | D:5      | Reached skill level 2 in Crossbows
   677 | D:5      | Reached skill level 2 in Throwing
   677 | D:5      | Reached skill level 2 in Armour
   677 | D:5      | Reached skill level 2 in Shields
   677 | D:5      | Reached skill level 2 in Unarmed Combat
   677 | D:5      | Reached skill level 2 in Evocations
   694 | D:5      | Killed a sky beast
   718 | D:5      | Found Qotaxube's Antique Armour Emporium.
   724 | D:5      | Reached XP level 7. HP: 50/50 MP: 15/15
   740 | D:5      | Noticed tidbits's ghost (amateur GnTm)
   776 | D:5      | Reached skill level 2 in Conjurations
   776 | D:5      | Reached skill level 2 in Hexes
   776 | D:5      | Reached skill level 2 in Charms
   776 | D:5      | Reached skill level 2 in Summonings
   776 | D:5      | Reached skill level 2 in Necromancy
   776 | D:5      | Reached skill level 2 in Translocations
   776 | D:5      | Reached skill level 3 in Transmutations
   776 | D:5      | Reached skill level 2 in Fire Magic
   776 | D:5      | Reached skill level 2 in Ice Magic
   776 | D:5      | Reached skill level 2 in Air Magic
   776 | D:5      | Reached skill level 2 in Poison Magic
   792 | D:5      | Killed tidbits's ghost
   792 | D:5      | Reached skill level 5 in Stealth
   792 | D:5      | Reached skill level 3 in Invocations
   792 | D:5      | Reached XP level 8. HP: 44/57 MP: 4/16
   812 | D:5      | Learned a level 2 spell: Blink
   816 | D:5      | Learned a level 3 spell: Conjure Flame
   847 | D:5      | Reached skill level 6 in Earth Magic
   861 | D:5      | Noticed Grinder
   871 | D:5      | Killed Grinder
   871 | D:5      | Reached skill level 3 in Fighting
   871 | D:5      | Reached skill level 3 in Short Blades
   871 | D:5      | Reached skill level 3 in Long Blades
   871 | D:5      | Reached skill level 3 in Axes
   871 | D:5      | Reached skill level 3 in Maces & Flails
   871 | D:5      | Reached skill level 3 in Polearms
   871 | D:5      | Reached skill level 3 in Staves
   871 | D:5      | Reached skill level 3 in Slings
   871 | D:5      | Reached skill level 3 in Bows
   871 | D:5      | Reached skill level 3 in Crossbows
   871 | D:5      | Reached skill level 3 in Throwing
   871 | D:5      | Reached skill level 3 in Armour
   871 | D:5      | Reached skill level 3 in Shields
   871 | D:5      | Reached skill level 3 in Unarmed Combat
   871 | D:5      | Reached skill level 6 in Spellcasting
   871 | D:5      | Reached skill level 3 in Evocations
   919 | D:5      | Killed Menkaure
   921 | D:5      | Found a shadowy altar of Dithmenos.
  1001 | D:6      | Found a staircase to the Ecumenical Temple.
  1073 | D:6      | Noticed Dowan
  1085 | D:6      | Noticed Duvessa
  1134 | D:6      | Reached skill level 3 in Conjurations
  1134 | D:6      | Reached skill level 3 in Hexes
  1134 | D:6      | Reached skill level 3 in Charms
  1134 | D:6      | Reached skill level 3 in Summonings
  1134 | D:6      | Reached skill level 3 in Necromancy
  1134 | D:6      | Reached skill level 3 in Translocations
  1134 | D:6      | Reached skill level 3 in Fire Magic
  1134 | D:6      | Reached skill level 3 in Ice Magic
  1134 | D:6      | Reached skill level 3 in Air Magic
  1134 | D:6      | Reached skill level 3 in Poison Magic
  1134 | D:6      | Reached skill level 4 in Invocations
  1207 | D:6      | Killed Dowan
  1212 | D:6      | Killed Duvessa
  1212 | D:6      | Reached skill level 6 in Dodging
  1212 | D:6      | Reached XP level 9. HP: 65/65 MP: 14/18
  1363 | D:7      | Reached skill level 4 in Fighting
  1363 | D:7      | Reached skill level 4 in Short Blades
  1363 | D:7      | Reached skill level 4 in Long Blades
  1363 | D:7      | Reached skill level 4 in Axes
  1363 | D:7      | Reached skill level 4 in Maces & Flails
  1363 | D:7      | Reached skill level 4 in Polearms
  1363 | D:7      | Reached skill level 4 in Staves
  1363 | D:7      | Reached skill level 4 in Slings
  1363 | D:7      | Reached skill level 4 in Bows
  1363 | D:7      | Reached skill level 4 in Crossbows
  1363 | D:7      | Reached skill level 4 in Throwing
  1363 | D:7      | Reached skill level 4 in Armour
  1363 | D:7      | Reached skill level 4 in Shields
  1363 | D:7      | Reached skill level 4 in Unarmed Combat
  1363 | D:7      | Reached skill level 4 in Transmutations
  1363 | D:7      | Reached skill level 4 in Evocations
  1414 | D:7      | Reached skill level 6 in Stealth
  1452 | D:7      | Gained mutation: You are resistant to hostile enchantments. (MR+) [potion of mutation]
  1452 | D:7      | Gained mutation: You have a pair of small horns on your head. [potion of mutation]
  1452 | D:7      | Gained mutation: You are highly resistant to hostile enchantments. (MR++) [potion of mutation]
  1461 | D:7      | Learned a level 4 spell: Petrify
  1465 | D:7      | Learned a level 3 spell: Mephitic Cloud
  1529 | D:7      | Found Fudehyh's Assorted Antiques.
  1532 | D:7      | Bought a brass wand for 96 gold pieces
  1532 | D:7      | Bought a runed fluorescent wand for 96 gold pieces
  1631 | D:7      | Reached skill level 5 in Invocations
  1637 | D:7      | Found a runed door.
  1639 | D:7      | Found a runed door.
  1767 | Temple   | Entered the Ecumenical Temple
  1796 | Temple   | Became a worshipper of Cheibriados the Contemplative
  1855 | D:8      | Reached skill level 7 in Spellcasting
  1855 | D:8      | Reached XP level 10. HP: 51/73 MP: 20/20
  1891 | D:8      | Reached skill level 4 in Conjurations
  1891 | D:8      | Reached skill level 4 in Hexes
  1891 | D:8      | Reached skill level 4 in Charms
  1891 | D:8      | Reached skill level 4 in Summonings
  1891 | D:8      | Reached skill level 4 in Necromancy
  1891 | D:8      | Reached skill level 4 in Translocations
  1891 | D:8      | Reached skill level 4 in Fire Magic
  1891 | D:8      | Reached skill level 4 in Ice Magic
  1891 | D:8      | Reached skill level 4 in Air Magic
  1891 | D:8      | Reached skill level 4 in Poison Magic
  1949 | D:8      | Reached * piety under Cheibriados
  2062 | D:9      | Noticed a two-headed ogre
  2072 | D:9      | Killed a two-headed ogre
  2072 | D:9      | Reached skill level 5 in Fighting
  2072 | D:9      | Reached skill level 5 in Short Blades
  2072 | D:9      | Reached skill level 5 in Long Blades
  2072 | D:9      | Reached skill level 5 in Axes
  2072 | D:9      | Reached skill level 5 in Maces & Flails
  2072 | D:9      | Reached skill level 5 in Polearms
  2072 | D:9      | Reached skill level 5 in Staves
  2072 | D:9      | Reached skill level 5 in Slings
  2072 | D:9      | Reached skill level 5 in Bows
  2072 | D:9      | Reached skill level 5 in Crossbows
  2072 | D:9      | Reached skill level 5 in Throwing
  2072 | D:9      | Reached skill level 5 in Armour
  2072 | D:9      | Reached skill level 5 in Shields
  2072 | D:9      | Reached skill level 5 in Unarmed Combat
  2072 | D:9      | Reached skill level 7 in Earth Magic
  2072 | D:9      | Reached skill level 5 in Evocations
  2090 | D:8      | Noticed a two-headed ogre
  2098 | D:8      | Killed a two-headed ogre
  2098 | D:8      | Reached skill level 7 in Dodging
  2106 | D:8      | Found a staircase to the Lair.
  2115 | D:8      | Found a hide-covered altar of Uskayaw.
  2126 | Lair:1   | Entered Level 1 of the Lair of Beasts
  2128 | Lair:1   | Noticed happinesssam's ghost (journeyman DgTm)
  2138 | Lair:1   | Killed happinesssam's ghost
  2138 | Lair:1   | Reached skill level 7 in Stealth
  2138 | Lair:1   | Reached skill level 5 in Transmutations
  2138 | Lair:1   | Reached skill level 6 in Invocations
  2145 | Lair:1   | Learned a level 5 spell: Lee's Rapid Deconstruction
  2152 | Lair:1   | Noticed Gastronok
  2168 | Lair:1   | Killed Gastronok
  2168 | Lair:1   | Reached XP level 11. HP: 59/81 MP: 10/22
  2301 | Lair:1   | Reached skill level 6 in Fighting
  2301 | Lair:1   | Reached skill level 6 in Short Blades
  2301 | Lair:1   | Reached skill level 6 in Long Blades
  2301 | Lair:1   | Reached skill level 6 in Axes
  2301 | Lair:1   | Reached skill level 6 in Maces & Flails
  2301 | Lair:1   | Reached skill level 6 in Polearms
  2301 | Lair:1   | Reached skill level 6 in Staves
  2301 | Lair:1   | Reached skill level 6 in Slings
  2301 | Lair:1   | Reached skill level 6 in Bows
  2301 | Lair:1   | Reached skill level 6 in Crossbows
  2301 | Lair:1   | Reached skill level 6 in Throwing
  2301 | Lair:1   | Reached skill level 6 in Armour
  2301 | Lair:1   | Reached skill level 6 in Shields
  2301 | Lair:1   | Reached skill level 6 in Unarmed Combat
  2301 | Lair:1   | Reached skill level 6 in Evocations
  2341 | D:9      | Found a burning altar of Makhleb.
  2363 | D:9      | Reached skill level 5 in Conjurations
  2363 | D:9      | Reached skill level 5 in Hexes
  2363 | D:9      | Reached skill level 5 in Charms
  2363 | D:9      | Reached skill level 5 in Summonings
  2363 | D:9      | Reached skill level 5 in Necromancy
  2363 | D:9      | Reached skill level 5 in Translocations
  2363 | D:9      | Reached skill level 5 in Fire Magic
  2363 | D:9      | Reached skill level 5 in Ice Magic
  2363 | D:9      | Reached skill level 5 in Air Magic
  2363 | D:9      | Reached skill level 5 in Poison Magic
  2367 | D:9      | Found an ornate altar of the Wu Jian Council.
  2395 | D:9      | Reached ** piety under Cheibriados
  2451 | D:9      | Noticed a two-headed ogre
  2465 | D:9      | Killed a two-headed ogre
  2465 | D:9      | Reached skill level 8 in Spellcasting
  2533 | D:10     | Entered Level 10 of the Dungeon
  2563 | D:10     | Found a basalt altar of Yredelemnul.
  2564 | D:10     | Found a deep blue altar of Sif Muna.
  2564 | D:10     | Found a shattered altar of Ashenzari.
  2564 | D:10     | Found a glowing golden altar of the Shining One.
  2571 | D:10     | Killed an unseen horror
  2607 | D:10     | Reached skill level 7 in Invocations
  2650 | D:10     | Reached skill level 8 in Dodging
  2654 | D:10     | Found Dythimen's Gadget Emporium.
  2663 | D:10     | Bought a wand of iceblast (3) for 119 gold pieces
  2692 | D:10     | Noticed a red ugly thing
  2700 | D:10     | Killed a red ugly thing
  2799 | D:10     | Noticed a green ugly thing
  2803 | D:10     | Noticed a centaur warrior
  2805 | D:10     | Noticed Erica
  2805 | D:10     | Killed a green ugly thing
  2808 | D:10     | Reached *** piety under Cheibriados
  2813 | D:10     | Killed Erica
  2813 | D:10     | Reached skill level 6 in Transmutations
  2814 | D:10     | Noticed a manticore
  2838 | D:10     | Got a distressingly furry leather armour
  2850 | D:10     | Identified the +3 leather armour "Pyohog" {rCorr} (You found it on level 10 of the Dungeon)
  2904 | D:10     | Reached skill level 8 in Stealth
  2944 | D:10     | Reached XP level 12. HP: 89/89 MP: 21/24
  2961 | D:10     | Found a staircase to the Orcish Mines.
  2981 | Orc:1    | Entered Level 1 of the Orcish Mines
  2981 | Orc:1    | Noticed a two-headed ogre
  2981 | Orc:1    | Noticed a two-headed ogre
  2983 | Orc:1    | Noticed a two-headed ogre
  2983 | Orc:1    | Noticed a two-headed ogre
  2984 | Orc:1    | Noticed an ogre mage
  2990 | Orc:1    | Killed a two-headed ogre
  2991 | Orc:1    | Reached skill level 8 in Earth Magic
  2996 | Orc:1    | Killed a two-headed ogre
  2996 | Orc:1    | Killed a two-headed ogre
  3000 | Orc:1    | Killed a two-headed ogre
  3000 | Orc:1    | Reached skill level 7 in Fighting
  3000 | Orc:1    | Reached skill level 7 in Short Blades
  3000 | Orc:1    | Reached skill level 7 in Long Blades
  3000 | Orc:1    | Reached skill level 7 in Axes
  3000 | Orc:1    | Reached skill level 7 in Maces & Flails
  3000 | Orc:1    | Reached skill level 7 in Polearms
  3000 | Orc:1    | Reached skill level 7 in Staves
  3000 | Orc:1    | Reached skill level 7 in Slings
  3000 | Orc:1    | Reached skill level 7 in Bows
  3000 | Orc:1    | Reached skill level 7 in Crossbows
  3000 | Orc:1    | Reached skill level 7 in Throwing
  3000 | Orc:1    | Reached skill level 7 in Armour
  3000 | Orc:1    | Reached skill level 7 in Shields
  3000 | Orc:1    | Reached skill level 7 in Unarmed Combat
  3000 | Orc:1    | Reached skill level 7 in Evocations
  3001 | Orc:1    | Noticed a two-headed ogre
  3121 | D:10     | Reached **** piety under Cheibriados
  3254 | Orc:1    | Killed an ogre mage
  3264 | Orc:1    | Noticed an orc warlord
  3264 | Orc:1    | Killed a two-headed ogre
  3264 | Orc:1    | Reached skill level 6 in Conjurations
  3264 | Orc:1    | Reached skill level 6 in Hexes
  3264 | Orc:1    | Reached skill level 6 in Charms
  3264 | Orc:1    | Reached skill level 6 in Summonings
  3264 | Orc:1    | Reached skill level 6 in Necromancy
  3264 | Orc:1    | Reached skill level 6 in Translocations
  3264 | Orc:1    | Reached skill level 6 in Fire Magic
  3264 | Orc:1    | Reached skill level 6 in Ice Magic
  3264 | Orc:1    | Reached skill level 6 in Air Magic
  3264 | Orc:1    | Reached skill level 6 in Poison Magic
  3278 | Orc:1    | Killed an orc warlord
  3278 | Orc:1    | Reached skill level 9 in Spellcasting
  3278 | Orc:1    | Reached skill level 8 in Invocations
  3299 | Orc:1    | Reached ***** piety under Cheibriados
  3388 | Orc:1    | Found a frozen archway.
  3498 | Orc:1    | Learned a level 4 spell: Fulminant Prism
  3499 | IceCv    | Entered an ice cave
  3561 | IceCv    | Reached skill level 9 in Dodging
  3567 | IceCv    | Killed a reaper
  3664 | IceCv    | Reached XP level 13. HP: 95/98 MP: 7/26
  3941 | Orc:1    | Reached skill level 9 in Stealth
  4006 | Orc:2    | Entered Level 2 of the Orcish Mines
  4072 | Orc:2    | Reached skill level 7 in Transmutations
  4165 | Orc:2    | Reached skill level 8 in Fighting
  4165 | Orc:2    | Reached skill level 8 in Short Blades
  4165 | Orc:2    | Reached skill level 8 in Long Blades
  4165 | Orc:2    | Reached skill level 8 in Axes
  4165 | Orc:2    | Reached skill level 8 in Maces & Flails
  4165 | Orc:2    | Reached skill level 8 in Polearms
  4165 | Orc:2    | Reached skill level 8 in Staves
  4165 | Orc:2    | Reached skill level 8 in Slings
  4165 | Orc:2    | Reached skill level 8 in Bows
  4165 | Orc:2    | Reached skill level 8 in Crossbows
  4165 | Orc:2    | Reached skill level 8 in Throwing
  4165 | Orc:2    | Reached skill level 8 in Armour
  4165 | Orc:2    | Reached skill level 8 in Shields
  4165 | Orc:2    | Reached skill level 8 in Unarmed Combat
  4165 | Orc:2    | Reached skill level 8 in Evocations
  4166 | Orc:2    | Noticed Sonja
  4179 | Orc:2    | Killed Sonja
  4195 | Orc:2    | Reached skill level 9 in Invocations
  4247 | Orc:2    | Noticed an ogre mage
  4258 | Orc:2    | Noticed an ogre mage
  4259 | Orc:2    | Killed an ogre mage
  4270 | Orc:2    | Killed an ogre mage
  4270 | Orc:2    | Reached skill level 7 in Conjurations
  4270 | Orc:2    | Reached skill level 7 in Hexes
  4270 | Orc:2    | Reached skill level 7 in Charms
  4270 | Orc:2    | Reached skill level 7 in Summonings
  4270 | Orc:2    | Reached skill level 7 in Necromancy
  4270 | Orc:2    | Reached skill level 7 in Translocations
  4270 | Orc:2    | Reached skill level 7 in Fire Magic
  4270 | Orc:2    | Reached skill level 7 in Ice Magic
  4270 | Orc:2    | Reached skill level 7 in Air Magic
  4270 | Orc:2    | Reached skill level 9 in Earth Magic
  4270 | Orc:2    | Reached skill level 7 in Poison Magic
  4274 | Orc:2    | Found a staircase to the Elven Halls.
  4294 | Orc:2    | Noticed an ogre mage
  4303 | Orc:2    | Killed an ogre mage
  4462 | Orc:2    | Reached skill level 10 in Spellcasting
  4542 | Orc:2    | Found a runed door.
  4595 | Orc:2    | Reached XP level 14. HP: 104/106 MP: 0/28
  4630 | Orc:2    | Found a roughly hewn altar of Beogh.
  4744 | Orc:2    | Found Pewnec's Weapon Emporium.
  4744 | Orc:2    | Found Yvuh Wyu's Armour Boutique.
  4745 | Orc:2    | Found Ovuzuivy's Armour Boutique.
  4745 | Orc:2    | Found Fuentuopn's Gadget Shoppe.
  4753 | Orc:2    | Bought a wand of iceblast (9) for 169 gold pieces
  4757 | Orc:2    | Bought a +1 shield of reflection for 175 gold pieces
  4763 | Orc:2    | Bought a +0 pair of boots of stealth for 138 gold pieces
  4786 | Elf:1    | Entered Level 1 of the Elven Halls
  4786 | Elf:1    | Noticed Donald
  4786 | Elf:1    | Noticed Asterion
  4806 | Elf:1    | Killed Donald
  4878 | Elf:1    | Noticed an Executioner
  4878 | Elf:1    | Killed Asterion
  4878 | Elf:1    | Reached skill level 10 in Dodging
  4884 | Elf:1    | Noticed a deep elf sorcerer
  4947 | Elf:1    | Found Gajoskoh's Assorted Antiques.
  4955 | Elf:1    | Bought a sedimented black potion for 27 gold pieces
  5012 | Elf:2    | Reached skill level 9 in Fighting
  5012 | Elf:2    | Reached skill level 9 in Short Blades
  5012 | Elf:2    | Reached skill level 9 in Long Blades
  5012 | Elf:2    | Reached skill level 9 in Axes
  5012 | Elf:2    | Reached skill level 9 in Maces & Flails
  5012 | Elf:2    | Reached skill level 9 in Polearms
  5012 | Elf:2    | Reached skill level 9 in Staves
  5012 | Elf:2    | Reached skill level 9 in Slings
  5012 | Elf:2    | Reached skill level 9 in Bows
  5012 | Elf:2    | Reached skill level 9 in Crossbows
  5012 | Elf:2    | Reached skill level 9 in Throwing
  5012 | Elf:2    | Reached skill level 9 in Armour
  5012 | Elf:2    | Reached skill level 9 in Shields
  5012 | Elf:2    | Reached skill level 9 in Unarmed Combat
  5012 | Elf:2    | Reached skill level 9 in Evocations
  5024 | Elf:1    | Noticed Agnes
  5101 | Elf:1    | Found Ufonocem's General Store.
  5110 | Elf:1    | Learned a level 4 spell: Summon Lightning Spire
  5116 | Elf:1    | Bought a scroll of blinking for 127 gold pieces
  5182 | Elf:1    | Killed Agnes
  5182 | Elf:1    | Reached skill level 10 in Stealth
  5198 | Elf:1    | Killed a deep elf sorcerer
  5233 | Elf:1    | Found Kipn's Jewellery Emporium.
  5263 | Elf:1    | Found Yseugan's Distillery.
  5271 | Elf:1    | Bought a potion of heal wounds for 100 gold pieces
  5271 | Elf:1    | Bought a potion of resistance for 200 gold pieces
  5271 | Elf:1    | Bought a potion of might for 80 gold pieces
  5271 | Elf:1    | Bought a potion of flight for 60 gold pieces
  5392 | Elf:2    | Reached skill level 8 in Transmutations
  5410 | Elf:2    | Reached skill level 10 in Invocations
  5569 | Elf:2    | Identified a scroll of acquirement
  5613 | Elf:3    | Entered Level 3 of the Elven Halls
  5677 | Elf:3    | Learned a level 5 spell: Silence
  5765 | Elf:3    | Noticed Louise
  5769 | Elf:3    | Noticed Nikola
  5787 | Elf:3    | Noticed a deep elf annihilator
  5790 | Elf:3    | Killed a deep elf annihilator
  5791 | Elf:3    | Killed Louise
  5796 | Elf:3    | Killed Nikola
  5796 | Elf:3    | Reached skill level 8 in Conjurations
  5796 | Elf:3    | Reached skill level 8 in Hexes
  5796 | Elf:3    | Reached skill level 8 in Charms
  5796 | Elf:3    | Reached skill level 8 in Summonings
  5796 | Elf:3    | Reached skill level 8 in Necromancy
  5796 | Elf:3    | Reached skill level 8 in Translocations
  5796 | Elf:3    | Reached skill level 8 in Fire Magic
  5796 | Elf:3    | Reached skill level 8 in Ice Magic
  5796 | Elf:3    | Reached skill level 8 in Air Magic
  5796 | Elf:3    | Reached skill level 8 in Poison Magic
  5796 | Elf:3    | Reached XP level 15. HP: 58/114 MP: 23/29
  5940 | Elf:3    | Noticed Saint Roka
  5983 | Elf:3    | Killed Saint Roka
  6349 | Elf:3    | Noticed a deep elf blademaster
  6353 | Elf:3    | Killed a deep elf blademaster
  6353 | Elf:3    | Reached skill level 11 in Spellcasting
  6355 | Elf:3    | Reached skill level 10 in Earth Magic
  6425 | Elf:3    | Noticed a deep elf blademaster
  6429 | Elf:3    | Noticed a deep elf elementalist
  6431 | Elf:3    | Killed a deep elf blademaster
  6434 | Elf:3    | Noticed a deep elf elementalist
  6442 | Elf:3    | Killed a deep elf elementalist
  6443 | Elf:3    | Reached skill level 10 in Fighting
  6443 | Elf:3    | Reached skill level 10 in Short Blades
  6443 | Elf:3    | Reached skill level 10 in Long Blades
  6443 | Elf:3    | Reached skill level 10 in Axes
  6443 | Elf:3    | Reached skill level 10 in Maces & Flails
  6443 | Elf:3    | Reached skill level 10 in Polearms
  6443 | Elf:3    | Reached skill level 10 in Staves
  6443 | Elf:3    | Reached skill level 10 in Slings
  6443 | Elf:3    | Reached skill level 10 in Bows
  6443 | Elf:3    | Reached skill level 10 in Crossbows
  6443 | Elf:3    | Reached skill level 10 in Throwing
  6443 | Elf:3    | Reached skill level 10 in Armour
  6443 | Elf:3    | Reached skill level 10 in Shields
  6443 | Elf:3    | Reached skill level 10 in Unarmed Combat
  6443 | Elf:3    | Reached skill level 10 in Evocations
  6443 | Elf:3    | Killed a deep elf elementalist
  6517 | Elf:3    | Reached skill level 11 in Dodging
  6524 | Elf:3    | Noticed a deep elf elementalist
  6540 | Elf:3    | Noticed a deep elf sorcerer
  6540 | Elf:3    | Cast into level 2 of the Abyss (a deep elf sorcerer)
  6576 | Abyss:2  | Found an ancient bone altar of Kikubaaqudgha.
  6659 | Abyss:2  | Learned a level 4 spell: Control Undead
  6687 | Abyss:2  | Noticed a lich
  6689 | Abyss:2  | Found a corrupted altar of Lugonu.
  6708 | Abyss:2  | Killed a lich
  6713 | Abyss:2  | HP: 1/115 [apocalypse crab (12)]
  6749 | Abyss:2  | Reached skill level 11 in Invocations
  6764 | Abyss:2  | Gained mutation: Your magical capacity is low. (-10% MP) [a neqoxec]
  6846 | Abyss:2  | Noticed a hellephant
  6864 | Abyss:2  | Reached skill level 11 in Stealth
  6948 | Abyss:2  | Noticed an Executioner
  6972 | Abyss:2  | Noticed a daeva
  6993 | Abyss:2  | Noticed an ancient lich
  7040 | Abyss:2  | Noticed a tentacled starspawn
  7047 | Abyss:2  | Killed a tentacled starspawn
  7092 | Abyss:2  | Reached skill level 9 in Transmutations
  7114 | Abyss:2  | Paralysed by accursed screaming for 1 turns
  7124 | Elf:3    | Escaped the Abyss
  7148 | Elf:3    | Killed a deep elf sorcerer
  7148 | Elf:3    | Reached XP level 16. HP: 41/109 MP: 6/25
  7272 | Elf:3    | Noticed a deep elf master archer
  7282 | Elf:3    | Killed a deep elf master archer
  7388 | Elf:3    | Noticed a deep elf master archer
  7393 | Elf:3    | Killed a deep elf master archer
  7393 | Elf:3    | Reached skill level 9 in Conjurations
  7393 | Elf:3    | Reached skill level 9 in Hexes
  7393 | Elf:3    | Reached skill level 9 in Charms
  7393 | Elf:3    | Reached skill level 9 in Summonings
  7393 | Elf:3    | Reached skill level 9 in Necromancy
  7393 | Elf:3    | Reached skill level 9 in Translocations
  7393 | Elf:3    | Reached skill level 9 in Fire Magic
  7393 | Elf:3    | Reached skill level 9 in Ice Magic
  7393 | Elf:3    | Reached skill level 9 in Air Magic
  7393 | Elf:3    | Reached skill level 9 in Poison Magic
  7406 | Elf:3    | HP: 3/124 [deep elf annihilator/iron shot (69)]
  7407 | Elf:3    | Killed from afar by a deep elf annihilator

Vault maps used:
D:1:      lemuel_arrival_cross
D:2:      uniq_sigmund
D:3:      overflow_temple_1_default, first_bread
D:4:      cheibrodos_ashenzari_chains, nicolae_overflow_quartered_altars
D:5:      nicolae_dithmenos_through_a_glass_darkly, serial_shops, shop,
          grunt_ministairs_3, uniq_grinder, uniq_menkaure
D:6:      gammafunk_temple_overflow_wave, minmay_temple_entry_from_below_a,
          uniq_duvessa
D:7:      lemuel_insect_pit, serial_shops, shop
D:8:      lair_entry_dummy, serial_shops, kennysheep_mini_moat,
          hangedman_little_slice_of_home, hangedman_feature_mirror,
          minivault_19, guppyfry_early_elven_hall
D:9:      chequers_temple_overflow_statue_of_worship
D:10:     minmay_the_grid_octo_2x2, erik_orc_1, serial_shops, shop,
          minmay_misc_feat_x, uniq_erica
Temple:   jpeg_temple_clearing
Lair:1:   lemuel_fruit_tree, uniq_gastronok
Lair:2:   beast_lair_carwin_large_1
Orc:1:    portal_ice_cave_entry_imps
Orc:2:    st_orc_ogre_mass, nicolae_orc_rockfall, lightli_church_of_beogh,
          uniq_sonja
Elf:1:    serial_shops, nicolae_shop_competitors_out_of_business,
          nicolae_shop_overgrown_old_shop, nicolae_shop_stone,
          nicolae_shop_stone, nicolae_shop_crystal, hangedman_corner_corridor,
          lemuel_flame_loot_1, uniq_agnes, uniq_donald, uniq_asterion
Elf:2:    spider_trap, laboratory
Elf:3:    elf_hall, minivault_14, columned_hall_lemuel, uniq_saint_roka,
          uniq_nikola, uniq_louise
Abyss:2:  hangedman_abyss_exit_choices
IceCv:    ice_cave_small_demon

Skill      XL: |  1  2  3  4  5  6  7  8  9 10 11 12 13 14 15 16 |
---------------+-------------------------------------------------+-----
Transmutations | 2 3 4 5 6 7 8 9 |  9.3
Spellcasting   | 5 6 7 8 9 10 11 | 11.6
Invocations    | 1 2 3 4 5 6 7 8 9 10 11 | 11.5
Fighting       | 1 2 3 4 5 6 7 8 9 10 | 10.6
Short Blades   | 1 2 3 4 5 6 7 8 9 10 | 10.6
Long Blades    | 1 2 3 4 5 6 7 8 9 10 | 10.6
Axes           | 1 2 3 4 5 6 7 8 9 10 | 10.6
Maces & Flails | 1 2 3 4 5 6 7 8 9 10 | 10.6
Polearms       | 1 2 3 4 5 6 7 8 9 10 | 10.6
Staves         | 1 2 3 4 5 6 7 8 9 10 | 10.6
Slings         | 1 2 3 4 5 6 7 8 9 10 | 10.6
Bows           | 1 2 3 4 5 6 7 8 9 10 | 10.6
Crossbows      | 1 2 3 4 5 6 7 8 9 10 | 10.6
Throwing       | 1 2 3 4 5 6 7 8 9 10 | 10.6
Armour         | 1 2 3 4 5 6 7 8 9 10 | 10.6
Shields        | 1 2 3 4 5 6 7 8 9 10 | 10.6
Unarmed Combat | 1 2 3 4 5 6 7 8 9 10 | 10.6
Evocations     | 1 2 3 4 5 6 7 8 9 10 | 10.6
Conjurations   | 1 2 3 4 5 6 7 8 9 |  9.0
Hexes          | 1 2 3 4 5 6 7 8 9 |  9.0
Charms         | 1 2 3 4 5 6 7 8 9 |  9.0
Summonings     | 1 2 3 4 5 6 7 8 9 |  9.0
Necromancy     | 1 2 3 4 5 6 7 8 9 |  9.0
Translocations | 1 2 3 4 5 6 7 8 9 |  9.0
Fire Magic     | 1 2 3 4 5 6 7 8 9 |  9.0
Ice Magic      | 1 2 3 4 5 6 7 8 9 |  9.0
Air Magic      | 1 2 3 4 5 6 7 8 9 |  9.0
Poison Magic   | 1 2 3 4 5 6 7 8 9 |  9.0
Dodging        | 5 6 7 8 9 10 11 | 11.5
Stealth        | 5 6 7 8 9 10 11 | 11.3
Earth Magic    | 6 7 8 9 10 | 10.5

Action                   |  1- 3 |  4- 6 |  7- 9 | 10-12 | 13-15 | 16-18 || total
-------------------------+-------+-------+-------+-------+-------+-------++-------
Melee: Short sword       |    15 |    28 |    47 |       |       |       ||    90
       Bite              |     2 |     3 |     4 |    25 |    70 |     6 ||   110
       Rapier            |       |       |    58 |   183 |    48 |    19 ||   308
       Punch             |       |       |     1 |    12 |     8 |       ||    21
       Headbutt          |       |       |       |    55 |   133 |    10 ||   198
       Demon trident     |       |       |       |       |   210 |       ||   210
       Scimitar          |       |       |       |       |     6 |       ||     6
       Eveningstar       |       |       |       |       |    73 |     8 ||    81
       Dagger            |       |       |       |       |     1 |       ||     1
 Fire: Hunting sling     |    10 |       |       |       |       |       ||    10
       Blowgun           |       |       |       |       |    22 |     4 ||    26
Throw: Javelin           |     2 |       |    22 |    81 |    25 |       ||   130
       Tomahawk          |       |       |       |       |    55 |       ||    55
       Stone             |       |       |       |       |     8 |       ||     8
 Cast: Sandblast         |    22 |    26 |    82 |   101 |    55 |    16 ||   302
       Passwall          |     2 |     3 |    16 |    16 |    32 |     1 ||    70
       Blink             |       |       |     1 |     2 |    23 |     2 ||    28
       Conjure Flame     |       |       |       |    16 |    12 |     1 ||    29
       Mephitic Cloud    |       |       |       |    19 |     7 |       ||    26
       Petrify           |       |       |       |     6 |     1 |       ||     7
       Lee's Rapid Decon |       |       |       |    12 |    27 |    11 ||    50
       Fulminant Prism   |       |       |       |     3 |    46 |       ||    49
       Summon Lightning  |       |       |       |       |    39 |     4 ||    43
       Silence           |       |       |       |       |     1 |       ||     1
Invok: Slouch            |       |       |       |     1 |    16 |       ||    17
Evoke: Wand              |       |       |     4 |    37 |    18 |     1 ||    60
       Lamp of fire      |       |       |       |     1 |     2 |     1 ||     4
       Sack of spiders   |       |       |       |       |     1 |       ||     1
  Use: Potion            |       |       |     4 |     6 |    16 |     2 ||    28
       Scroll            |       |       |     6 |     5 |    11 |     2 ||    24
 Stab: Sleeping          |     4 |     3 |     8 |     8 |     3 |       ||    26
       Distracted        |       |       |     1 |       |     6 |     1 ||     8
       Petrified         |       |       |       |     7 |       |       ||     7
       Confused          |       |       |       |     7 |     4 |       ||    11
  Eat: Royal jelly       |       |       |     1 |     2 |    10 |       ||    13
       Chunk             |       |       |     1 |       |     1 |       ||     2
       Meat ration       |       |       |       |     1 |       |       ||     1
       Bread ration      |       |       |       |       |     3 |       ||     3
Armor: Robe              |     1 |     3 |    14 |    19 |       |       ||    37
       Skin              |       |       |    75 |       |       |       ||    75
       Leather armour    |       |       |       |    15 |    63 |     2 ||    80
Dodge: Dodged            |    19 |    17 |    94 |   174 |   278 |    24 ||   606
Block: Shield            |       |       |       |       |   180 |    18 ||   198
       Reflection        |       |       |       |       |    13 |     3 ||    16
       Rpst.: Scimitar   |       |       |       |       |     4 |       ||     4

Table legend:
 A = Spawn XP
 B = Non-spawn XP
 C = Spawn XP percentage of total XP
 D = Spawn monster count
 E = Non-spawn monster count
 F = Spawn count percentage of total count
 G = Total turns spent on level
                    A         B        C        D         E        F      G
               +---------+---------+-------+---------+---------+-------+---------
         Total |    3344 |  147961 |   2.2 |      15 |     533 |   2.7 |  7407
               +---------+---------+-------+---------+---------+-------+---------
           D:1 |       0 |      21 |   0.0 |       0 |      10 |   0.0 |   148
           D:2 |       0 |      20 |   0.0 |       0 |       5 |   0.0 |    59
           D:3 |       0 |      47 |   0.0 |       0 |      15 |   0.0 |   204
           D:4 |       0 |     101 |   0.0 |       0 |      10 |   0.0 |   183
           D:5 |       0 |    1686 |   0.0 |       0 |      28 |   0.0 |   356
           D:6 |       0 |     769 |   0.0 |       0 |      13 |   0.0 |   324
           D:7 |       0 |    2000 |   0.0 |       0 |      32 |   0.0 |   510
           D:8 |       0 |    1744 |   0.0 |       0 |      21 |   0.0 |   263
           D:9 |       0 |    2820 |   0.0 |       0 |      24 |   0.0 |   259
          D:10 |       0 |    6339 |   0.0 |       0 |      48 |   0.0 |   689
        Lair:1 |       0 |    3586 |   0.0 |       0 |       5 |   0.0 |   120
        Lair:2 |       0 |     286 |   0.0 |       0 |       2 |   0.0 |    61
         Orc:1 |       0 |   11529 |   0.0 |       0 |      73 |   0.0 |   502
         Orc:2 |       0 |   20335 |   0.0 |       0 |      88 |   0.0 |   659
         Elf:1 |       0 |   10318 |   0.0 |       0 |       7 |   0.0 |   580
         Elf:2 |       0 |   10700 |   0.0 |       0 |      32 |   0.0 |   247
         Elf:3 |       0 |   60753 |   0.0 |       0 |      74 |   0.0 |  1210
       Abyss:2 |    3344 |   10462 |  24.2 |      15 |      20 |  42.9 |   584
         IceCv |       0 |    4445 |   0.0 |       0 |      26 |   0.0 |   403
               +---------+---------+-------+---------+---------+-------+---------

Table legend:
 A = Turns spent in this place as a percentage of turns spent in the entire game.
 B = Non-inter-level travel turns spent in this place as a percentage of non-inter-level travel turns spent in the entire game.
 C = Inter-level travel turns spent in this place as a percentage of turns spent in this place.
 D = Turns resting spent in this place as a percentage of non-inter-level travel turns spent in this place.
 E = Turns spent auto-exploring this place as a percentage of non-inter-level travel turns spent in this place.
 F = Non-inter-level travel turns spent in this place divided by the number of levels of this place that you've seen.
                   A       B       C       D       E      F
               +-------+-------+-------+-------+-------+----------------------
         Total | 100.0 | 100.0 |   0.2 |   0.1 |   0.5 | 369.5
       Dungeon |  40.4 |  40.5 |   0.0 |   0.2 |   0.0 | 299.5
        Temple |   0.6 |   0.4 |  32.6 |   0.0 |  48.4 |  31.0
          Lair |   2.4 |   2.4 |   0.0 |   0.0 |   0.0 |  90.5
  Orcish Mines |  15.7 |  15.7 |   0.1 |   0.0 |   0.0 | 580.0
   Elven Halls |  27.5 |  27.6 |   0.0 |   0.0 |   0.0 | 679.0
         Abyss |   7.9 |   7.9 |   0.0 |   0.0 |   0.0 | 584.0
      Ice Cave |   5.4 |   5.5 |   0.0 |   0.0 |   6.2 | 403.0
               +-------+-------+-------+-------+-------+----------------------

Table legend:
 A = Kills in this place as a percentage of kills in entire the game.
 B = Kills by you in this place as a percentage of kills by you in the entire game.
 C = Kills by friends in this place as a percentage of kills by friends in the entire game.
 D = Other kills in this place as a percentage of other kills in the entire game.
 E = Experience gained in this place as a percentage of experience gained in the entire game.
 F = Experience gained in this place divided by the number of levels of this place that you have seen.
                   A       B       C       D       E      F
               +-------+-------+-------+-------+-------+----------------------
         Total | 100.0 | 100.0 | 100.0 | 100.0 | 100.0 | 7565.2
       Dungeon |  37.6 |  40.8 |   0.0 |   7.7 |  10.3 | 1554.7
          Lair |   1.3 |   1.4 |   0.0 |   0.0 |   2.6 | 1936.0
  Orcish Mines |  29.4 |  29.6 |   9.4 |  69.2 |  21.1 | 15932.0
   Elven Halls |  20.6 |  18.1 |  59.4 |  23.1 |  54.0 | 27257.0
         Abyss |   6.4 |   5.0 |  31.2 |   0.0 |   9.1 | 13806.0
      Ice Cave |   4.7 |   5.2 |   0.0 |   0.0 |   2.9 | 4445.0
               +-------+-------+-------+-------+-------+----------------------

Vault maps used:
D:1:      lemuel_arrival_cross
D:2:      uniq_sigmund
D:3:      overflow_temple_1_default, first_bread
D:4:      cheibrodos_ashenzari_chains, nicolae_overflow_quartered_altars
D:5:      nicolae_dithmenos_through_a_glass_darkly, serial_shops, shop,
          grunt_ministairs_3, uniq_grinder, uniq_menkaure
D:6:      gammafunk_temple_overflow_wave, minmay_temple_entry_from_below_a,
          uniq_duvessa
D:7:      lemuel_insect_pit, serial_shops, shop
D:8:      lair_entry_dummy, serial_shops, kennysheep_mini_moat,
          hangedman_little_slice_of_home, hangedman_feature_mirror,
          minivault_19, guppyfry_early_elven_hall
D:9:      chequers_temple_overflow_statue_of_worship
D:10:     minmay_the_grid_octo_2x2, erik_orc_1, serial_shops, shop,
          minmay_misc_feat_x, uniq_erica
Temple:   jpeg_temple_clearing
Lair:1:   lemuel_fruit_tree, uniq_gastronok
Lair:2:   beast_lair_carwin_large_1
Orc:1:    portal_ice_cave_entry_imps
Orc:2:    st_orc_ogre_mass, nicolae_orc_rockfall, lightli_church_of_beogh,
          uniq_sonja
Elf:1:    serial_shops, nicolae_shop_competitors_out_of_business,
          nicolae_shop_overgrown_old_shop, nicolae_shop_stone,
          nicolae_shop_stone, nicolae_shop_crystal, hangedman_corner_corridor,
          lemuel_flame_loot_1, uniq_agnes, uniq_donald, uniq_asterion
Elf:2:    spider_trap, laboratory
Elf:3:    elf_hall, minivault_14, columned_hall_lemuel, uniq_saint_roka,
          uniq_nikola, uniq_louise
Abyss:2:  hangedman_abyss_exit_choices
IceCv:    ice_cave_small_demon
